AoeStats
← CazadorGT

Arena

508550481Analyzed
2v2 RM · 10d ago on Sep 23, 2026· 49m 38s· 4 players
Game mode
Random Map
Map size
Medium (4 player)
Population
200
Speed
Normal
Resources
Standard
Victory
Conquest
Starting age
Dark Age
Ending age
Imperial Age
RankedLock teamsTeams togetherTeam positionsShared explorationLock speedFull tech treeHidden civsTurbo modeCheats
Victory
Defeat
🇨🇴 Burmese · Colombia
1293
+10
🇬🇹 Bohemians · Guatemala
1149
+16
🇺🇸 Koreans · United States
1211
-15
🇨🇴 Danes · Colombia
1107
-11
CazadorGT
11:35 Feudal Age
15:23 Castle Age
14:02 Forging
14:11 Double-Bit Axe
16:15 Loom
17:08 Town Watch
20:25 Fletching
22:31 Redemption
23:06 Bodkin Arrow
32:38 Imperial Age
34:16 Wheelbarrow
38:26 Block Printing
39:22 Conscription
41:24 Chemistry
41:39 Fervor
44:30 Sanctity
44:39 Bow Saw
44:10 Horse Collar
45:07 Houfnice
47:49 Iron Casting
47:14 Bracer
Juan_DavidMLL
1:05 Loom
1:25 Loom
10:12 Feudal Age
11:22 Feudal Age
12:22 Loom
15:38 Castle Age
14:00 Town Watch
14:14 Stone Mining
14:15 Gold Mining
16:00 Horse Collar
23:17 Heavy Plow
25:37 Padded Archer Armor
34:46 Imperial Age
33:03 Fletching
35:38 Wheelbarrow
34:49 Town Watch
35:18 Bloodlines
38:21 Gold Shaft Mining
37:57 Elite Arambai
39:28 Crop Rotation
40:03 Conscription
43:02 Bodkin Arrow
44:04 Husbandry
45:46 Scale Barding Armor
45:52 Forging
45:20 Light Cavalry
45:28 Elite Battle Elephant
47:09 Chain Barding Armor
47:12 Howdah
47:02 Hussar
49:02 Plate Barding Armor
49:51 Hand Cart
49:36 Town Patrol
VIP IVORY
10:31 Feudal Age
14:14 Castle Age
12:31 Double-Bit Axe
13:04 Stone Mining
14:13 Fletching
14:20 Loom
15:29 Fletching
16:08 Gold Mining
17:13 Bodkin Arrow
23:39 Bow Saw
34:48 Wheelbarrow
37:43 Imperial Age
35:56 Hand Cart
37:07 Gold Shaft Mining
36:51 Crossbowman
37:51 Thumb Ring
38:53 Bracer
40:03 Chemistry
39:52 Ballistics
40:58 Arbalester
[CCMNG]JhonStrong
11:20 Feudal Age
15:39 Castle Age
13:30 Double-Bit Axe
15:05 Horse Collar
15:34 Loom
16:38 Bow Saw
23:33 Fletching
25:17 Bodkin Arrow
27:22 Padded Archer Armor
Connection lost

Rejoining the realm…

Still unreachable

The connection could not be restored.

Session expired

The server has moved on; the page needs a fresh start.